 Dungeon Crawl Stone Soup version 0.31-a0-188-g5e087ee2ca (webtiles) character file.

Game seed: 9310340972357757074

45 qw the Shooter (level 3, -2/20 HPs)
             Began as a Deep Elf Hunter on June 23, 2023.
             Slain by an iguana (6 damage)
             ... on level 4 of the Dungeon.
             The game lasted 00:00:27 (988 turns).

qw the Shooter (Deep Elf Hunter)                     Turns: 988, Time: 00:00:28

Health: -2/20      AC: 10    Str: 10    XL:     3   Next: 42%
Magic:  5/5        EV: 11    Int: 13    God:
Gold:   64         SH:  0    Dex: 18    Spells: 2/2 levels left

rFire   + . .        Y - +0 shortbow
rCold   . . .        (shield currently unavailable)
rNeg    . . .        f - +1 ring mail {rF+}
rPois   .            (no helmet)
rElec   .            m - scarf {repulsion}
rCorr   .            (no gloves)
SInv    .            (no boots)
Will    .....        g - amulet of regeneration
Stlth   +            d - +4 ring of protection
HPRegen 1.03/turn    (no ring)
MPRegen 0.09/turn

%: repel missiles
@: about to teleport
A: no striking features
a: no special abilities


You were on level 4 of the Dungeon.
You visited 1 branch of the dungeon, and saw 3 of its levels.

You collected 64 gold pieces.


   Skills:
 - Level 1.5 Fighting
 + Level 7.0 Ranged Weapons
 - Level 2.4 Dodging
 - Level 1.2 Stealth


You had 2 spell levels left.
You didn't know any spells.
Your spell library was empty.

Inventory:

Hand Weapons
 Y - a +0 shortbow (weapon)
Armour
 f - a +1 ring mail of fire resistance (worn)
 m - a scarf of repulsion (worn)
Jewellery
 d - a +4 ring of protection (left hand)
 g - an amulet of regeneration (around neck)
Potions
 h - a potion of lignification {unknown}
 i - a potion of enlightenment
 j - a potion of berserk rage {unknown}
 l - 3 potions of curing {unknown}

Dungeon Overview and Level Annotations

Branches:
Dungeon (2/15)

Altars:


Message History

The iguana bites you but does no damage.
You shoot an arrow.
The arrow hits the iguana but does no damage.
The iguana is moderately wounded.
The iguana hisses menacingly.
The iguana bites you!
Ouch! That really hurt!
You shoot an arrow. The arrow barely misses the iguana.
The iguana bites you.
You shoot an arrow.
The arrow hits the iguana but does no damage.
The iguana is moderately wounded.
The iguana closely misses you.
The iguana bites you but does no damage.
You shoot an arrow.
The arrow hits the iguana but does no damage.
The iguana is moderately wounded.
The iguana barely misses you.
You shoot an arrow.
The arrow hits the iguana but does no damage.
The iguana is moderately wounded.
The iguana bites you but does no damage.
You shoot an arrow.
The arrow hits the iguana but does no damage.
The iguana is moderately wounded.
The iguana bites you.
You shoot an arrow. The arrow completely misses the iguana.
The iguana bites you.
You shoot an arrow. The arrow hits the iguana.
The iguana is moderately wounded.
The iguana barely misses you.
The iguana bites you but does no damage.
You shoot an arrow. The arrow hits the iguana.
The iguana is severely wounded.
The iguana bites you!
988 ||| READING scroll of teleportation.
As you read the scroll of teleportation, it crumbles to dust.
You feel strangely unstable. The iguana bites you.
You die...

#.......... #.
#...##.#### #. ##>#
#.# #. ##.###.# #.
#......# #.
####..######## #.
#............#
#l####.##..######.#
#.@...[##..# #.#
#########..# #.#
...# #.# ##.# #..
..# ### .# # # # .


You could see an iguana.

Vanquished Creatures
  A worm (D:2)
  A dart slug (D:1)
  2 ball pythons (D:1)
  7 bats
  An endoplasm (D:1)
  2 giant cockroaches
  5 goblins
  A hobgoblin (D:2)
  4 kobolds (D:1)
  4 quokkas
  5 frilled lizards (D:1)
  6 rats (D:1)
39 creatures vanquished.

Notes
Turn   | Place    | Note
-------+----------+-------------------------------------------
     0 | D:1      | qw the Deep Elf Hunter began the quest for the Orb.
     0 | D:1      | Reached XP level 1. HP: 12/12 MP: 3/3
     0 | D:1      | 0 ||| qw: Version: 0.3-a-9-g12657ce
     0 | D:1      | 0 ||| qw: Game counter: 3647
     0 | D:1      | 0 ||| qw: Always use a shield: true
     0 | D:1      | 0 ||| qw: God list: Okawaru
     0 | D:1      | 0 ||| qw: Allow faded altars: false
     0 | D:1      | 0 ||| qw: Do Orc after D:15 true
     0 | D:1      | 0 ||| qw: Do second Lair branch before Depths: true
     0 | D:1      | 0 ||| qw: Lair rune preference: random
     0 | D:1      | 0 ||| qw: Plans: Normal
     0 | D:1      | 0 ||| PLANNING D:1-11
    56 | D:1      | Reached XP level 2. HP: 16/16 MP: 4/4
    60 | D:1      | Reached skill level 6 in Ranged Weapons
   443 | D:1      | Reached XP level 3. HP: 20/20 MP: 5/5
   679 | D:1      | 679 ||| UPGRADING to +1 ring mail of fire resistance.
   689 | D:1      | 689 ||| DROPPING +0 leather armour.
   690 | D:1      | 690 ||| UPGRADING to scarf of repulsion.
   695 | D:1      | 695 ||| UPGRADING to amulet of regeneration.
   700 | D:1      | 700 ||| UPGRADING to +4 ring of protection.
   701 | D:1      | 701 ||| READING 2 scrolls labelled DOHIZ ZEFRANT.
   705 | D:1      | 705 ||| READING scroll labelled WUQINACEOTZ.
   806 | D:1      | 806 ||| DRINKING 2 viscous grey potions.
   807 | D:1      | 807 ||| DROPPING scroll of butterflies.
   906 | D:2      | Reached skill level 7 in Ranged Weapons
   921 | D:2      | You fall into a shaft and drop 2 floors!
   987 | D:4      | HP: 3/20 [iguana (9)]
   988 | D:4      | 988 ||| READING scroll of teleportation.
   988 | D:4      | Slain by an iguana

Levels and vault maps discovered:
D:1:      giann_horns, layout_basic, minmay_octomino_c4
D:2:      layout_basic, skrybe_limestone_x, serial_bayou_pond_b,
          minmay_misc_feat_four_crosses
D:4:      layout_loops_ring, nicolae_gozag_zags_fifth_avenue, uniq_blork_the_orc

Skill      XL: |  1  2  3 |
---------------+----------+-----
Ranged Weapons | 6 7 |  7.0
Fighting       | |  1.5
Dodging        | |  2.4
Stealth        | |  1.2

Action                     || total
---------------------------++-------
   Fire: Shortbow          ||   109
    Use: Scroll            ||     3
         Potion            ||     1
 Armour: Leather armour    ||     5
         Ring mail         ||     5
  Dodge: Dodged            ||    22

Table legend:
 A = Non-vault XP
 B = Vault XP
 C = Vault XP percentage of total XP
 D = Non-vault monster count
 E = Vault monster count
 F = Vault count percentage of total count
                 A         B        C        D         E       F
            +---------+---------+-------+---------+---------+-------
      Total |      55 |      10 |  15.4 |      32 |       7 |  17.9
            +---------+---------+-------+---------+---------+-------
        D:1 |      39 |      10 |  20.4 |      25 |       7 |  21.9
        D:2 |      16 |       0 |   0.0 |       7 |       0 |   0.0
            +---------+---------+-------+---------+---------+-------
